 Dungeon Crawl Stone Soup version 0.16-a0-3880-g9314259 (webtiles) character file.

211064 abixa the Executioner (level 18, -6/168 HPs)
             Began as a Minotaur Berserker on Feb 1, 2015.
             Was the Champion of Trog.
             Killed from afar by Nikola (25 damage)
             ... with a chain lightning
             ... on level 2 of the Elven Halls.
             The game lasted 03:59:30 (46447 turns).

abixa the Executioner (Minotaur Berserker)         Turns: 46447, Time: 03:59:30

Health: -6/168     AC: 22    Str: 30    XL:     18   Next: 20%
Magic:  7/7        EV: 14    Int:  4    God:    Trog [******]
Gold:   1621       SH:  0    Dex: 15    Spells: 0 memorised, 17 levels left

rFire  + . .     SeeInvis .     a - +8 mithril axe "Arga" {speed, MR+ Str+2}
rCold  + . .     Clarity  .     d - +3 chain mail {rF+}
rNeg   + . .     SustAb   .     (no shield)
rPois  .         Gourm    .     (helmet restricted)
rElec  .         Spirit   .     W - +1 cloak {MR+}
rCorr  .         Warding  .     G - +0 pair of gloves {Str+3}
rMut   .         Stasis   .     y - +1 pair of boots
MR     +++++                    C - amulet of faith
Stlth  ..........               t - ring of positive energy
                                N - ring of protection from cold

@: about to teleport, regenerating, almost entirely resistant to hostile
enchantments, extremely unstealthy
A: retaliatory headbutt, horns 2
a: Burn Spellbooks, Berserk, Trog's Hand, Brothers in Arms, Renounce Religion
}: 1/15 runes: decaying


You were on level 2 of the Elven Halls.
You worshipped Trog.
Trog was exalted by your worship.
You were hungry.

You visited 7 branches of the dungeon, and saw 38 of its levels.
You visited the Abyss 2 times.
You also visited: Labyrinth, Ice Cave and Volcano.

You collected 4531 gold pieces.
You spent 2910 gold pieces at shops.

Inventory:

Hand weapons
 a - the +8 mithril axe "Arga" (weapon) {speed, MR+ Str+2}
   (Trog gifted it to you on level 14 of the Dungeon)

   Attacks with this weapon are significantly faster.
   It affects your strength (+2).
   It affects your resistance to hostile enchantments.
 b - a +2 arbalest of flaming
 H - a +9 executioner's axe of venom
 J - a +2 antimagic executioner's axe
 P - a +2 executioner's axe of flaming
Missiles
 r - 25 poisoned needles
 z - 792 bolts
 B - 45 bolts of frost
 Z - 46 bolts of penetration
Armour
 d - a +3 chain mail of fire resistance (worn)
 y - a +1 pair of boots (worn)
 G - a +0 pair of gloves of strength (worn)
 W - a +1 cloak of magic resistance (worn)
Rods
 L - a +0 lightning rod (13/13)
   (You bought it in a shop on level 5 of the Dungeon)
 R - a cursed +0 rod of ignition (12/12)
   (You bought it in a shop on level 5 of the Dungeon)
 U - a +2 rod of destruction (12/12)
   (You found it on level 8 of the Lair of Beasts)
Jewellery
 f - an uncursed ring of protection from magic
 t - a ring of positive energy (right hand)
 C - an amulet of faith (around neck)
 D - an uncursed ring of poison resistance
 F - an uncursed ring of protection from fire
 K - an uncursed ring of flight
 N - a ring of protection from cold (left hand)
Magical devices
 c - a wand of draining (7)
 g - a wand of disintegration (9)
 k - a wand of disintegration (12)
 E - a wand of lightning (2)
 M - a wand of digging (10)
 S - a wand of cold (8)
Scrolls
 e - 6 scrolls of blinking
 m - 18 scrolls of remove curse
 p - 4 scrolls of fog
 q - 3 scrolls of fear
 s - 12 scrolls of teleportation
 w - a scroll of recharging
 O - 7 scrolls of magic mapping
Potions
 i - 6 potions of might
 j - 12 potions of curing
 l - 3 potions of invisibility
 n - 4 potions of ambrosia
 o - 6 potions of heal wounds
 Q - 3 potions of haste
 Y - 4 potions of agility
Books
 h - Mnoleg's Reference Book on Summoning
   (You found it on level 1 of the Elven Halls)

   Spells                             Type                      Level
   a - Summon Butterflies             Summoning                    1
   b - Summon Small Mammal            Summoning                    1
   c - Call Imp                       Summoning                    2
   d - Call Canine Familiar           Summoning                    3
   e - Dragon's Call                  Summoning                    9
   Trog disapproves of the use of such an item.
 A - a book of Geomancy

   Spells                             Type                      Level
   a - Sandblast                      Earth                        1
   b - Stoneskin                      Transmutation/Earth          2
   c - Passwall                       Transmutation/Earth          3
   d - Stone Arrow                    Conjuration/Earth            3
   e - Petrify                        Transmutation/Earth          4
   f - Lee's Rapid Deconstruction     Earth                        5
   Trog disapproves of the use of such an item.
Comestibles
 u - 3 beef jerkies
 v - 27 fruits
 x - 3 bread rations
 T - 26 meat rations


   Skills:
 + Level 16.7 Fighting
 - Level 23.5 Axes
 * Level 17.6 Crossbows
 - Level 12.7 Armour
 - Level 8.8 Dodging


You had 17 spell levels left.
You didn't know any spells.

Dungeon Overview and Level Annotations

Branches:
Dungeon (15/15)            Temple (1/1) D:6            Lair (8/8) D:9
  Swamp (5/5) Lair:3        Snake (3/5) Lair:4        Slime (0/6) Lair:7
    Orc (4/4) D:9             Elf (2/3) Orc:3        Vaults (0/5) D:14
 Depths (0/5) D:15

Altars:
Ashenzari
Cheibriados
Dithmenos
Elyvilon
Fedhas
Gozag
Kikubaaqudgha
Makhleb
Nemelex Xobeh
Okawaru
Qazlal
Ru
Sif Muna
Trog
Vehumet
Xom
Yredelemnul
Zin
The Shining One
Jiyva

Shops:
D:5 !}%*   D:6 ?   D:9 [   D:10 [   D:12 *   D:13 %   Orc:4 *!*!*   Elf:1 =
Elf:2 :

Portals:
Hell: Lair:8

Annotations:
D:3 disint for gold/scrolls
D:7 emiel's ghost, experienced OgBe
D:14 book, exclusion: Roxanne, Roxanne
D:15 1 exclusion
Lair:8 stasis for ring
Snake:3 abixa's ghost, mighty MiHu
Elf:2 Nikola


Innate Abilities, Weirdness & Mutations

You reflexively headbutt those who attack you in melee.
You have a pair of horns on your head.


Message History

The deep elf mage dies!
The lightning arc hits Nikola.
The lightning arc hits you!
The lightning arc hits Nikola.
The lightning arc hits you!
* * * LOW HITPOINT WARNING * * *
The lightning arc hits Nikola.
Read which item? (? for menu, Esc to quit)
As you read the scroll of teleportation, it crumbles to dust.
You feel strangely unstable.
Nikola warns, "If you see one of my golems, approach with caution, they bite."
Nikola zaps a wand.
You resist with almost no effort.
Use which ability? (? or * to list)
Your iron troll goes berserk!
You feel somewhat more hungry.
Nikola mumbles some strange words.
You hear a mighty clap of thunder!
The lightning arc hits your iron troll. The lightning arc hits you!
* * * LOW HITPOINT WARNING * * *
The lightning arc hits your iron troll. The lightning arc hits you!
You die...

#.#
#.......######
#)#
#.......)....#
#<#
##.....#####..
#.# #.....#
#.# ###'###
#.# #)# #.#
#.# #.# #.#
#+# #@# #.#
#T# #)# #.#
#@# #)# #'#
...


You could see Nikola and a friendly iron troll (berserk).

Vanquished Creatures
  Vashnia (Snake:2)
  Rupert (Snake:1)
  A thorn hunter (Swamp:3)
  A frost giant (IceCv)
  Donald (Orc:4)
  Louise (Snake:3)
  An orc warlord (Orc:3)
  A stone giant (Orc:4)
  A deep elf demonologist (Elf:1)
  A dire elephant (Lair:8)
  A fire dragon (D:14)
  A deep elf death mage (Elf:1)
  A minotaur (Lab)
  A yaktaur captain (D:15)
  Fannar (Orc:4)
  Harold (D:13)
  25 hydras
  4 naga warriors
  5 anacondas
  A hell beast (Lair:8)
  2 ogre magi
  5 centaur warriors
  A tengu warrior (D:14)
  A ghost crab (Swamp:5)
  8 death yaks
  A satyr (shapeshifter) (Elf:1)
  10 alligators
  7 naga sharpshooters
  Urug (D:13)
  A shock serpent (Snake:2)
  Nergalle (Lair:7)
  5 deep elf knights
  2 spriggan druids (Swamp:5)
  A wizard (Lair:8)
  13 swamp dragons
  3 unseen horrors
  An ice statue (IceCv)
  10 deep elf summoners
  4 shambling mangroves
  3 naga ritualists
  An orc sorcerer (D:14)
  5 deep elf conjurers
  6 mana vipers
  3 orc knights
  4 cyclopes
  11 ugly things
  2 salamanders (Snake:2)
  2 oklob plants
  A griffon (Lair:6)
  2 smoke demons (Abyss:1)
  2 centaur zombies
  10 elephants
  5 naga magi
  25 black mambas
  27 spiny frogs
  A guardian serpent (Snake:2)
  4 gargoyles
  2 orange demons
  4 centaur skeletons
  4 kobold demonologists (D:14)
  A yaktaur (D:15)
  A hellwing (Lair:8)
  11 komodo dragons
  2 fire drakes
  6 red devils (Lair:8)
  A raiju (Abyss:1)
  A wandering mushroom (Lair:6)
  13 giant leeches
  Sonja (Orc:4)
  2 deep elf priests
  2 blue devils (Lair:8)
  11 baby alligators
  Grinder (D:5)
  11 polar bears (IceCv)
  Prince Ribbit (D:6)
  24 blink frogs
  8 trolls
  3 two-headed ogres
  A boulder beetle (Lair:4)
  20 slime creatures
  A trapdoor spider zombie (D:13)
  17 ravens
  A ynoxinul (Abyss:1)
  12 bog bodies
  3 basilisks
  4 shadows
  7 spriggans
  2 redbacks (Elf:1)
  87 yaks
  7 flying skulls
  A human (D:11)
  10 deep elf magi
  2 wyverns
  7 deep elf fighters (Elf:1)
  A vampire (Volcano)
  6 hungry ghosts (Lab)
  12 hippogriffs
  A large abomination (Abyss:1)
  2 trapdoor spiders
  12 vampire mosquitoes
  35 wolves
  2 steam dragons (D:12)
  3 wargs
  25 water moccasins
  12 insubstantial wisps
  A mottled dragon (D:14)
  19 nagas
  33 swamp worms
  14 porcupines
  A hell hound (Lair:8)
  15 swamp drakes
  A black bear (D:7)
  51 orc warriors
  4 wasps
  2 phantoms
  5 sky beasts
  3 necrophages
  3 ice beasts
  An eye of draining (D:15)
  8 boring beetles
  10 ogres
  3 brain worms
  3 small abominations (Abyss:1)
  24 crocodiles
  Sigmund (D:7)
  Duvessa (D:6)
  2 big kobolds
  26 centaurs
  3 wyvern zombies
  23 giant frogs
  A wyvern skeleton (D:14)
  5 killer bees (D:10)
  2 scorpions (D:4)
  3 wights (D:8)
  4 electric eels
  Dowan (D:6)
  6 crimson imps
  A goliath beetle (D:6)
  A lava snake (Lair:2)
  4 quasits
  31 orc priests
  3 jellies
  10 hounds
  3 giant frog skeletons
  An iron imp (D:14)
  11 iguanas
  Natasha (twice) (D:5)
  20 orc wizards
  7 worker ants
  A hell rat (Elf:1)
  16 sheep
  A hound skeleton (D:4)
  A hound zombie (D:8)
  2 mummies (Volcano)
  Robin (D:4)
  4 gnolls (D:9)
  27 adders
  73 river rats
  5 shadow imps
  A giant mite (D:1)
  5 white imps (Orc:2)
  2 worms
  An ufetubus (Abyss:1)
  2 giant geckos
  3 oozes (D:5)
  198 orcs
  A ball python (D:1)
  A bat skeleton (D:5)
  29 hobgoblins
  22 kobolds
  10 bats
  6 giant cockroaches
  4 giant newts
  29 goblins
  8 jackals
  10 quokkas
  15 rats
  2 spectral orcs
  14 ballistomycetes
  2 briar patches (Swamp:3)
  9 fungi
  10 plants
1533 creatures vanquished.

Vanquished Creatures (collateral kills)
  A mana viper (Snake:2)
  Psyche (Orc:2)
  An ogre (Orc:2)
  An orc warrior (Orc:2)
  2 orc priests (Orc:2)
  7 white imps (Orc:2)
  4 orcs (Orc:2)
17 creatures vanquished.

Vanquished Creatures (others)
  A deep elf knight (Elf:1)
  A deep elf mage (Elf:2)
  5 giant spores
  A briar patch (Swamp:3)
  7 fungi
  A plant (Orc:4)
16 creatures vanquished.

Grand Total: 1566 creatures vanquished

Notes
Turn   | Place    | Note
--------------------------------------------------------------
     0 | D:1      | abixa, the Minotaur Berserker, began the quest for the Orb.
     0 | D:1      | Reached XP level 1. HP: 19/19 MP: 1/1
   158 | D:1      | Reached skill level 4 in Axes
   261 | D:1      | Reached XP level 2. HP: 10/26 MP: 1/1
   481 | D:1      | Reached skill level 5 in Axes
   510 | D:1      | Reached XP level 3. HP: 21/31 MP: 2/2
   888 | D:1      | Acquired Trog's second power
  1704 | D:2      | Reached XP level 4. HP: 33/39 MP: 2/2
  1822 | D:3      | Reached skill level 6 in Axes
  2435 | D:3      | Found a blossoming altar of Fedhas.
  2633 | D:4      | Reached skill level 7 in Axes
  2633 | D:4      | Reached XP level 5. HP: 45/45 MP: 2/2
  2759 | D:4      | Found a shadowy altar of Dithmenos.
  2761 | D:4      | Acquired Trog's third power
  2784 | D:4      | Reached skill level 8 in Axes
  3003 | D:4      | Reached XP level 6. HP: 43/51 MP: 3/3
  3063 | D:4      | Noticed an ogre
  3066 | D:4      | Killed an ogre
  3132 | D:4      | Found a glowing golden altar of the Shining One.
  3140 | D:4      | Found a glowing silver altar of Zin.
  3141 | D:4      | Found an opulent altar of Gozag.
  3203 | D:4      | Noticed Robin
  3218 | D:4      | Killed Robin
  3219 | D:4      | Reached skill level 9 in Axes
  3371 | D:4      | Noticed a phantom
  3407 | D:4      | Killed a phantom
  3407 | D:4      | Reached XP level 7. HP: 26/57 MP: 3/3
  3627 | D:5      | Entered Level 5 of the Dungeon
  3640 | D:4      | Reached skill level 10 in Axes
  3816 | D:5      | Found a viscous altar of Jiyva.
  3882 | D:5      | Found Xetuggihek's Food Emporium.
  4035 | D:5      | Found Rojexkal's Assorted Antiques.
  4042 | D:5      | Bought a pair of embroidered gloves for 103 gold pieces
  4104 | D:5      | Found Raxzean's Gadget Shop.
  4134 | D:5      | Noticed Natasha
  4149 | D:5      | Reached skill level 11 in Axes
  4154 | D:5      | Killed Natasha
  4182 | D:5      | Noticed Grinder
  4190 | D:5      | Reached XP level 8. HP: 7/64 MP: 3/3
  4217 | D:5      | Killed Grinder
  4217 | D:5      | Reached skill level 12 in Axes
  4372 | D:5      | Found Asokhept's Distillery.
  4664 | D:6      | Noticed Prince Ribbit
  4689 | D:6      | Killed Prince Ribbit
  4689 | D:6      | Received a gift from Trog
  4738 | D:6      | Noticed Duvessa
  4738 | D:6      | Noticed Dowan
  4866 | D:6      | Killed Duvessa
  4866 | D:6      | Reached skill level 13 in Axes
  4875 | D:6      | Killed Dowan
  4887 | D:6      | Found a staircase to the Ecumenical Temple.
  4894 | Temple   | Entered the Ecumenical Temple
  4968 | D:6      | Found Sutaq's Magic Scroll Boutique.
  5423 | D:7      | Noticed Sigmund
  5432 | D:7      | Killed Sigmund
  5432 | D:7      | Reached XP level 9. HP: 70/70 MP: 4/4
  5571 | D:7      | Reached skill level 14 in Axes
  5975 | D:7      | Noticed emiel's ghost (experienced OgBe)
  6553 | D:8      | Reached skill level 5 in Fighting
  6826 | D:8      | Reached skill level 5 in Armour
  7095 | D:8      | Received a gift from Trog
  7354 | D:9      | Found a staircase to the Lair.
  7528 | D:9      | Found a staircase to the Orcish Mines.
  7528 | D:9      | Found Lolais' Armour Shop.
  7578 | D:9      | Noticed a komodo dragon
  7701 | D:9      | Killed a komodo dragon
  7704 | D:9      | Got a dazzling glaive
  7744 | D:9      | Identified the +6 glaive of Intimidation {drain, rF+ rN+ Int+3} (You found it on level 9 of the Dungeon)
  7816 | D:9      | Reached XP level 10. HP: 64/86 MP: 1/4
  8341 | D:9      | Found an iron altar of Okawaru.
  8342 | D:9      | Found a radiant altar of Vehumet.
  8426 | D:9      | Received a gift from Trog
  8479 | Lair:1   | Entered Level 1 of the Lair of Beasts
  8732 | Orc:1    | Entered Level 1 of the Orcish Mines
  9081 | Orc:2    | Noticed Psyche
  9081 | Orc:2    | Cast into the Abyss (Psyche)
  9239 | Abyss:1  | Reached skill level 15 in Axes
  9333 | Abyss:1  | Received a gift from Trog
  9387 | Abyss:1  | Noticed an iron dragon simulacrum
  9420 | Orc:2    | Escaped the Abyss
  9426 | Orc:2    | Found a bloodstained altar of Trog.
  9552 | Orc:2    | Killed Psyche
  9599 | Orc:2    | Found a frozen archway.
  9621 | IceCv    | Entered an ice cave
  9655 | IceCv    | Reached XP level 11. HP: 74/97 MP: 1/4
 10028 | IceCv    | Reached skill level 10 in Fighting
 10046 | IceCv    | Received a gift from Trog
 10053 | IceCv    | Reached skill level 10 in Armour
 10173 | IceCv    | Noticed a death yak
 10193 | IceCv    | Killed a death yak
 10193 | IceCv    | Reached skill level 16 in Axes
 10513 | IceCv    | Noticed an ice statue
 10542 | IceCv    | Killed an ice statue
 10673 | IceCv    | Noticed a death yak
 10677 | IceCv    | Received a gift from Trog
 10685 | IceCv    | Killed a death yak
 10685 | IceCv    | Reached XP level 12. HP: 86/110 MP: 5/5
 10796 | IceCv    | Noticed a frost giant
 10796 | IceCv    | Noticed a death yak
 10802 | IceCv    | Killed a death yak
 10808 | IceCv    | Killed a frost giant
 11310 | Orc:1    | Reached skill level 17 in Axes
 11546 | Orc:1    | Received a gift from Trog
 11610 | Orc:3    | Noticed an orc warlord
 11621 | Orc:3    | Killed an orc warlord
 11849 | Orc:3    | Received a gift from Trog
 11920 | Orc:3    | Found a staircase to the Elven Halls.
 12021 | Orc:3    | Found a burning altar of Makhleb.
 12171 | Orc:3    | Received a gift from Trog
 12983 | Lair:1   | Noticed a black mamba
 12991 | Lair:1   | Killed a black mamba
 13226 | Lair:1   | Reached skill level 18 in Axes
 13306 | Lair:1   | Received a gift from Trog
 13307 | Lair:1   | Got an ichor-stained battleaxe {god gift}
 13308 | Lair:1   | Identified the +3 battleaxe "Paarph" {flame, Dex+3} (Trog gifted it to you on level 1 of the Lair of Beasts)
 13392 | Lair:1   | Reached XP level 13. HP: 65/119 MP: 5/5
 14159 | Lair:2   | Reached skill level 1 in Crossbows
 14899 | Lair:3   | Reached skill level 5 in Crossbows
 14986 | Lair:3   | Received a gift from Trog
 15369 | Lair:3   | Found a staircase to the Swamp.
 15816 | Lair:4   | Received a gift from Trog
 16287 | Lair:4   | Found a staircase to the Snake Pit.
 16436 | Lair:4   | Received a gift from Trog
 16508 | Lair:4   | Received a gift from Trog
 17050 | Lair:4   | Got a polished halberd
 17130 | Lair:4   | Reached skill level 10 in Crossbows
 17228 | Lair:4   | Received a gift from Trog
 17586 | Lair:5   | Reached skill level 19 in Axes
 17964 | Lair:6   | Received a gift from Trog
 18099 | Lair:6   | Reached XP level 14. HP: 119/127 MP: 5/5
 18175 | Lair:6   | Found a deep blue altar of Sif Muna.
 18993 | Lair:7   | Found a staircase to the Slime Pits.
 18993 | Lair:7   | Found a viscous altar of Jiyva.
 19090 | Lair:7   | Received a gift from Trog
 19161 | Lair:7   | Received a gift from Trog
 19248 | Lair:7   | Reached skill level 20 in Axes
 19511 | Lair:7   | Noticed Nergalle
 19525 | Lair:7   | Killed Nergalle
 19566 | Lair:7   | Identified the +12 halberd "Acarineslayer" {chop, -Cast +Fly rC+ rN+ Int+5} (You found it on level 4 of the Lair of Beasts)
 20695 | Lair:7   | Received a gift from Trog
 20749 | Lair:8   | Entered Level 8 of the Lair of Beasts
 20802 | Lair:8   | Found a dark tunnel.
 20832 | Volcano  | Entered a volcano
 21127 | Lair:8   | Reached skill level 21 in Axes
 21756 | Lair:8   | Received a gift from Trog
 22453 | Lair:8   | Found a burning altar of Makhleb.
 22641 | Lair:8   | Reached skill level 22 in Axes
 22668 | Lair:8   | Found a gateway to Hell.
 22683 | Lair:8   | Identified a +2 rod of destruction (12/12) (You found it on level 8 of the Lair of Beasts)
 23207 | D:3      | Received a gift from Trog
 23330 | D:5      | Noticed Natasha
 23335 | D:5      | Killed Natasha
 23520 | Orc:4    | Entered Level 4 of the Orcish Mines
 23997 | Orc:4    | Noticed Donald
 24000 | Orc:4    | Reached XP level 15. HP: 115/134 MP: 2/6
 24023 | Orc:4    | Killed Donald
 24362 | Orc:4    | Received a gift from Trog
 24573 | Orc:4    | Received a gift from Trog
 24871 | Orc:4    | Noticed Sonja
 24877 | Orc:4    | Killed Sonja
 25237 | Orc:4    | Found Granel's Assorted Antiques.
 25240 | Orc:4    | Noticed Fannar
 25250 | Orc:4    | Killed Fannar
 25257 | Orc:4    | Bought a topaz-studded ring mail for 225 gold pieces
 25419 | Orc:4    | Received a gift from Trog
 25655 | Orc:4    | Found Ygrewaen's General Store.
 25655 | Orc:4    | Found Romitz's Distillery.
 25658 | Orc:4    | Found Zooraore's General Store.
 25660 | Orc:4    | Found Otwywec's Distillery.
 25783 | Orc:4    | Identified the +5 ring mail of Shreliask {+Fly rCorr} (You bought it in a shop on level 4 of the Orcish Mines)
 26080 | D:10     | Entered Level 10 of the Dungeon
 26181 | D:10     | Received a gift from Trog
 26413 | D:10     | Found a deep blue altar of Sif Muna.
 27239 | D:10     | Received a gift from Trog
 27297 | D:10     | Found Ipukkufa's Armour Shoppe.
 28335 | D:12     | Found Waeca's Assorted Antiques.
 28345 | D:12     | Bought a smelly chain mail for 332 gold pieces
 28355 | D:12     | Identified the +0 chain mail of Untold Secrets {rF+} (You bought it in a shop on level 12 of the Dungeon)
 28423 | D:12     | Received a gift from Trog
 28528 | D:12     | Reached skill level 23 in Axes
 28595 | D:12     | Reached skill level 5 in Dodging
 29070 | D:13     | Noticed Urug
 29093 | D:13     | Killed Urug
 29142 | D:13     | Noticed Harold
 29161 | D:13     | Killed Harold
 29429 | D:13     | Found Lueqeig's Food Boutique.
 30073 | D:14     | Received a gift from Trog
 30086 | D:14     | Found a glowing golden altar of the Shining One.
 30525 | D:14     | Noticed Roxanne
 30605 | D:14     | Found a gate to the Vaults.
 30810 | D:14     | Received a gift from Trog
 31206 | D:14     | Received a gift from Trog
 31680 | Elf:1    | Entered Level 1 of the Elven Halls
 31728 | Elf:1    | Reached XP level 16. HP: 130/141 MP: 6/6
 31946 | Swamp:1  | Entered Level 1 of the Swamp
 32251 | Swamp:1  | Paralysed by a wasp for 3 turns
 32856 | Swamp:2  | Received a gift from Trog
 33136 | Swamp:2  | Received a gift from Trog
 33914 | Swamp:3  | Received a gift from Trog
 35030 | Swamp:4  | Received a gift from Trog
 35150 | Swamp:5  | Entered Level 5 of the Swamp
 35923 | Swamp:5  | Received a gift from Trog
 36233 | Swamp:5  | Received a gift from Trog
 36292 | Swamp:5  | Reached XP level 17. HP: 127/154 MP: 6/6
 36368 | Swamp:5  | Received a gift from Trog
 36527 | Swamp:5  | Reached skill level 15 in Fighting
 36638 | Swamp:5  | Received a gift from Trog
 37055 | Swamp:5  | Received a gift from Trog
 37318 | Swamp:5  | Got a decaying rune of Zot
 37743 | D:6      | Bought a scroll of enchant weapon for 75 gold pieces
 37743 | D:6      | Bought a scroll of enchant weapon for 75 gold pieces
 37786 | D:5      | Bought a +0 lightning rod (13/13) for 1080 gold pieces
 37786 | D:5      | Bought a cursed +0 rod of ignition (12/12) for 1020 gold pieces
 38024 | Snake:1  | Entered Level 1 of the Snake Pit
 38127 | Snake:1  | Received a gift from Trog
 38233 | Snake:1  | Reached skill level 15 in Crossbows
 38850 | Snake:1  | Noticed Rupert
 38880 | Snake:1  | Received a gift from Trog
 38900 | Snake:1  | Killed Rupert
 39479 | Snake:2  | Noticed Vashnia
 41140 | Snake:2  | Killed Vashnia
 41566 | Snake:2  | Received a gift from Trog
 42021 | Snake:3  | Noticed abixa's ghost (mighty MiHu)
 42035 | Snake:3  | Received a gift from Trog
 42044 | Snake:3  | Noticed Louise
 42273 | Snake:3  | Cast into the Abyss (Louise)
 42386 | Snake:3  | Escaped the Abyss
 42708 | Snake:3  | Killed Louise
 43354 | D:15     | Entered Level 15 of the Dungeon
 43365 | D:15     | Found a labyrinth entrance.
 43379 | Lab      | Entered a labyrinth
 44146 | Lab      | Identified the Disquisition on Glacial Curses
 44345 | D:15     | Received a gift from Trog
 44592 | D:15     | Received a gift from Trog
 44744 | D:15     | Found a staircase to the Depths.
 44850 | D:15     | Reached XP level 18. HP: 168/168 MP: 0/7
 45433 | Elf:1    | Identified Mnoleg's Reference Book on Summoning
 45828 | Elf:1    | Received a gift from Trog
 46123 | Elf:1    | Received a gift from Trog
 46249 | Elf:1    | Found Farerec's Jewellery Emporium.
 46434 | Elf:2    | Found Shriemiaph's One-of-a-Kind Books.
 46434 | Elf:2    | Noticed Nikola
 46447 | Elf:2    | Killed from afar by Nikola

Action                   |  1- 3 |  4- 6 |  7- 9 | 10-12 | 13-15 | 16-18 || total
-------------------------+-------+-------+-------+-------+-------+-------++-------
Melee: Hand axe          |   106 |   203 |   340 |       |       |       ||   649
       Broad axe         |       |       |    66 |   247 |   153 |  1101 ||  1567
       Halberd           |       |       |     3 |     7 |       |       ||    10
       Battleaxe         |       |       |       |   130 |   336 |       ||   466
       Executioner's axe |       |       |       |   206 |   893 |   102 ||  1201
 Fire: Hand crossbow     |       |       |     2 |       |     2 |       ||     4
       Arbalest          |       |       |       |       |    60 |    95 ||   155
       Triple crossbow   |       |       |       |       |    11 |       ||    11
Throw: Stone             |       |    13 |     7 |       |       |       ||    20
       Tomahawk          |       |       |     1 |    13 |       |       ||    14
Invok: Berserk           |       |     2 |     4 |     4 |     1 |     1 ||    12
       Trog's Hand       |       |       |     2 |     8 |     3 |     2 ||    15
       Brothers in Arms  |       |       |       |     1 |       |     2 ||     3
Evoke: Wand              |       |       |       |       |     2 |       ||     2
  Use: Scroll            |       |       |     7 |    15 |    17 |    14 ||    53
       Potion            |       |       |     2 |       |       |       ||     2
 Stab: Sleeping          |       |       |       |       |       |     1 ||     1
  Eat: Chunk             |     2 |     8 |    18 |    21 |    56 |    44 ||   149
       Fruit             |       |       |     1 |     3 |     3 |     4 ||    11
       Pizza             |       |       |       |       |     1 |       ||     1
